 Dungeon Crawl Stone Soup version 0.17-a0-1430-g49fde19 (webtiles) character file.

138 Fluffy the Cudgeler (level 5, -4/32 HPs)
             Began as a Gargoyle Fighter on June 25, 2015.
             Was an Initiate of the Shining One.
             Killed by divine providence
             ... invoked by an orc priest
              (13 damage)
             ... on level 4 of the Dungeon.
             The game lasted 00:04:31 (2488 turns).

Fluffy the Cudgeler (Gargoyle Fighter)              Turns: 2488, Time: 00:04:32

Health: -4/32      AC: 10    Str: 19    XL:     5   Next: 21%
Magic:  5/5        EV:  7    Int:  9    God:    the Shining One [......]
Gold:   163        SH: 10    Dex: 10    Spells: 0 memorised, 4 levels left

rFire  . . .     SeeInvis .     a - +1 flail
rCold  . . .     Clarity  .     b - +0 scale mail
rNeg   + . .     SustAt   .     c - +1 shield
rPois  ∞         Gourm    .     (no helmet)
rElec  +         Spirit   .     (no cloak)
rCorr  .         Warding  .     (no gloves)
rMut   .         Stasis   .     (no boots)
MR     .....                    (no amulet)
Stlth  +.........               (no ring)
                                q - ring of stealth

@: not resistant to hostile enchantments, very unstealthy
A: negative energy resistance 1, electricity resistance, unbreathing,
petrification resistance, rot immunity, AC +4
a: Renounce Religion


You were on level 4 of the Dungeon.
You worshipped the Shining One.
The Shining One was noncommittal.
You were not hungry.

You visited 1 branch of the dungeon, and saw 4 of its levels.

You collected 163 gold pieces.

Inventory:

Hand weapons
 a - a +1 flail (weapon)
Armour
 b - a +0 scale mail (worn)
 c - a +1 shield (worn)
Jewellery
 q - a ring of stealth (left hand)
Scrolls
 f - 2 scrolls of enchant armour
 g - 2 scrolls of teleportation
 r - a scroll of enchant weapon
Potions
 d - 2 potions of might
 k - 2 potions of heal wounds
 l - a potion of berserk rage
 m - a potion of cancellation
 n - a potion of brilliance
 o - 2 potions of resistance
Comestibles
 e - a bread ration
 h - a beef jerky
 j - 3 fruits


   Skills:
 + Level 3.5 Fighting
 + Level 4.9 Maces & Flails
 + Level 3.3 Armour
 + Level 3.3 Shields
 + Level 0.4 Invocations


You had 4 spell levels left.
You didn't know any spells.

Dungeon Overview and Level Annotations

Branches:
Dungeon (4/15)
 Temple: D:4-7

Altars:
Gozag
Yredelemnul
The Shining One


Innate Abilities, Weirdness & Mutations

You are resistant to torment.
Your stone body is resilient (AC +4).
You are immune to poison.
You resist negative energy.
You are resistant to electric shocks.
You can survive without breathing.
You are immune to petrification.
You are immune to rotting.


Message History

You hit the orc priest.
The orc priest is heavily wounded.
The orc hits you but does no damage. The adder skeleton closely misses you.
The orc barely misses you.
The orc priest's eyes start to glow.
You block the orc's attack.
You closely miss the orc priest.
The orc priest is heavily wounded.
The orc hits you but does no damage. The adder skeleton closely misses you.
The orc closely misses you.
The orc priest mumbles some strange prayers to Beogh against you.
Pain shoots through your body!
* * * LOW HITPOINT WARNING * * *
The orc hits you but does no damage. You block the adder skeleton's attack.
The orc hits you but does no damage. You block the orc's attack.
You closely miss the orc priest.
The orc priest is heavily wounded.
The orc priest invokes the aid of Beogh against you.
Something smites you!
You die...

*##*,,..#.....##
****........# *#.......#
*.(.....#####*** #########
*#......#....,,*
........#####......!....,,*
#######........)........,,*
..>............Zoo.#..%.,,*
####...........o@o......,,*
###...............##....,,*
....##......##...##*,...,,*
#######....####### *,,,,,,*
###### *,,,,,,* ********


You could see an orc priest, 3 orcs and an adder skeleton.

Vanquished Creatures
  An orc priest (D:4)
  An iguana (D:4)
  A hound skeleton (D:4)
  An adder (D:3)
  A worm (D:4)
  A giant gecko (D:2)
  5 bats
  5 giant cockroaches
  7 goblins
  8 hobgoblins
  6 kobolds
  3 quokkas
  A ball python (D:3)
  3 giant newts
  7 jackals
  2 jackal skeletons (D:4)
  6 rats
59 creatures vanquished.

Notes
Turn   | Place    | Note
--------------------------------------------------------------
     0 | D:1      | Fluffy the Gargoyle Fighter began the quest for the Orb.
     0 | D:1      | Reached XP level 1. HP: 14/14 MP: 1/1
   258 | D:1      | Reached XP level 2. HP: 19/19 MP: 2/2
   891 | D:2      | Reached XP level 3. HP: 23/23 MP: 3/3
  1226 | D:2      | Found a basalt altar of Yredelemnul.
  1913 | D:3      | Reached skill level 4 in Maces & Flails
  1913 | D:3      | Reached XP level 4. HP: 28/28 MP: 4/4
  2329 | D:4      | Found a glowing golden altar of the Shining One.
  2333 | D:4      | Found an opulent altar of Gozag.
  2337 | D:4      | Became a worshipper of the Shining One
  2480 | D:4      | Reached XP level 5. HP: 20/32 MP: 5/5
  2488 | D:4      | Killed from afar by an orc priest

Vault maps used:
D:1:      matt_arrival_spirals
D:2:      yredelemnul_altar_generic
D:4:      grunt_temple_overflow_open

Action                   |  1- 3 |  4- 6 || total
-------------------------+-------+-------++-------
Melee: Flail             |   131 |    66 ||   197
  Use: Scroll            |     9 |     6 ||    15
  Eat: Chunk             |     3 |     2 ||     5
